 Dungeon Crawl Stone Soup version 0.23.2-33-g5129a83184 (webtiles) character file.

Game seed: 6424707921854827765

5367 FishyPogo the Fighter (level 10, -6/93 HPs)
             Began as a Minotaur Gladiator on Aug 3, 2019.
             Was an Elder of Okawaru.
             Mangled by Gastronok (24 damage)
             ... on level 8 of the Dungeon.
             The game lasted 01:00:56 (8473 turns).

FishyPogo the Fighter (Minotaur Gladiator)          Turns: 8473, Time: 01:00:57

Health: -6/93      AC: 12    Str: 26    XL:     10   Next: 39%
Magic:  4/4        EV: 16    Int:  5    God:    Okawaru [****..]
Gold:   424        SH:  5    Dex: 12    Spells: 9/9 levels left

rFire    + + .     SeeInvis .   b - +4 flail of Impatience {antimagic, rN+ Str+4 Stlth-}
rCold    x . .     Gourm    .   i - +0 buckler
rNeg     + . .     Faith    .   u - +2 ring mail {rF+}
rPois    .         Spirit   .   c - +1 hat
rElec    .         Reflect  .   M - +1 cloak
rCorr    .         Harm     .   (no gloves)
MR       .....                  (no boots)
Stlth    ..........             w - amulet of the acrobat
HPRegen  0.25/turn              k - +4 ring of evasion
MPRegen  0.09/turn              L - ring of fire

@: no status effects
A: retaliatory headbutt, horns 2
a: Heroism, Renounce Religion


You were on level 8 of the Dungeon.
You worshipped Okawaru.
Okawaru was greatly pleased with you.
You were very hungry.

You visited 2 branches of the dungeon, and saw 9 of its levels.
You also visited: Ossuary.

You collected 655 gold pieces.
You spent 231 gold pieces at shops.

Inventory:

Hand Weapons
 a - a +1 hand axe of flaming
 b - the +4 flail of Impatience (weapon) {antimagic, rN+ Str+4 Stlth-}
   (You found it on level 6 of the Dungeon)

   It reduces the magical energy of the wielder, and disrupts the spells and
   magical abilities of those hit.
   Natural abilities and divine invocations are not affected.
   It affects your strength (+4).
   It protects you from negative energy.
   It makes you less stealthy.
 v - a +0 vampiric hand axe
 G - a +0 war axe
Missiles
 d - 2 throwing nets
 m - 251 stones (quivered)
 r - 4 exploding tomahawks
Armour
 c - a +1 hat (worn)
 i - a +0 buckler (worn)
 u - a +2 ring mail of fire resistance (worn)
 C - the +1 hat of the Invisible Hand {+Blink MR- rCorr SInv}
   (You found it on level 7 of the Dungeon)

   It affects your resistance to hostile enchantments.
   It lets you see invisible.
   It lets you blink.
   It provides partial protection from all sources of acid and corrosion.
 D - a +0 cloak
 M - a +1 cloak (worn)
Jewellery
 k - a +4 ring of evasion (left hand)
 w - an amulet of the acrobat (around neck)
 L - a ring of fire (right hand)
Wands
 H - a wand of iceblast (13)
 J - a wand of polymorph (11)
Scrolls
 e - 8 scrolls of identify
 g - 4 scrolls of amnesia
 l - a scroll of fear
 n - 5 scrolls of teleportation
 o - 5 scrolls of remove curse
 x - 2 scrolls of enchant armour
 F - a scroll of noise {unknown}
 K - a scroll of blinking {unknown}
 N - a scroll of immolation {unknown}
Potions
 h - 2 potions of haste {unknown}
 j - 3 potions of curing
 p - 4 potions of flight
 t - a potion of ambrosia {unknown}
 z - a potion of might {unknown}
 A - a potion of invisibility {unknown}
 E - a potion of resistance
Comestibles
 f - 16 rations


   Skills:
 * Level 10.2 Fighting
 - Level 6.0(7.6) Axes
 * Level 7.2(8.3) Maces & Flails
 - Level 3.0 Throwing
 * Level 9.9 Armour
 - Level 3.3 Dodging
 - Level 4.0 Shields
 + Level 5.1 Invocations


You had 9 spell levels left.
You didn't know any spells.
Your spell library was empty.

Dungeon Overview and Level Annotations

Branches:
Dungeon (8/15)             Temple (1/1) D:4            Lair (0/6) D:8

Altars:
Ashenzari
Elyvilon
Gozag
Hepliaklqana
Okawaru
Qazlal
Ru
Trog
Yredelemnul

Shops:
D:4 [   D:5 }

Annotations:
D:8 Gastronok


Innate Abilities, Weirdness & Mutations

You reflexively headbutt those who attack you in melee.
You have a pair of horns on your head.


Message History

Throwing (i - inventory. (/) - cycle)
d - 3 throwing nets (quivered)
Press: ? - help, Shift-Dir - straight line, f/p - Gastronok
Aim: Gastronok, wearing a +1 hat (almost dead, covering ground quickly)
You throw a throwing net. The throwing net hits the quokka.
The quokka is caught in the net!
You feel yourself speed up.
The quokka struggles against the net. x2
Throwing (i - inventory. (/) - cycle)
y - a steel tomahawk (quivered)
Press: ? - help, Shift-Dir - straight line, f/p - Gastronok
Aim: Gastronok, wearing a +1 hat (almost dead, covering ground quickly)
You throw a steel tomahawk. The steel tomahawk hits the quokka!
You kill the quokka!
The quokka's corpse disappears in a puff of smoke!
You hit Gastronok.
Gastronok's magic leaks into the air.
Gastronok is almost dead.
You feel less wooden.
Your +1 cloak unmelds from your body.
Your +1 hat unmelds from your body.
Your +2 ring mail of fire resistance unmelds from your body.
You feel resistant to fire. Gastronok bites you!!
You die...

.##....##........#
.##...#..........#
.....#...........#
..#.#............#
..###............##
#####......./.%...##
###.##.............#
......(....((......#
##....##.(.((..w@.##
########.........#*
*#..**##.........#
*#..,,,*#........<#*
##..***,............#
..######............#*
.....................**
...>..................*
...............,,,,,,,**


You could see Gastronok.

Vanquished Creatures
  Erica (D:8)
  A troll (D:8)
  2 hippogriffs (D:8)
  Prince Ribbit (D:6)
  3 fire bats (D:7)
  A hungry ghost (D:6)
  A hell hound (D:7)
  Edmund (D:6)
  2 ice beasts (D:8)
  A sky beast (D:7)
  An orc warrior (D:7)
  A phantom (D:8)
  2 wolves (D:8)
  A centaur (D:7)
  4 ogres
  A bullfrog (D:7)
  3 scorpions
  9 wights (D:7)
  4 electric eels (D:8)
  3 crimson imps
  A bullfrog zombie (D:6)
  A quasit (D:8)
  6 hounds
  3 jellies
  7 orc wizards
  2 centaur skeletons
  4 orc priests
  Crazy Yiuf (D:5)
  6 worker ants
  3 iguanas
  5 big kobold zombies (Ossuary)
  A hound skeleton (D:4)
  2 mummies (Ossuary)
  4 gnolls (D:7)
  9 adders
  A howler monkey skeleton (D:4)
  4 shadow imps
  An adder skeleton (D:5)
  An adder zombie (D:7)
  A worm (D:3)
  3 dart slugs
  6 leopard geckos
  23 orcs
  3 giant cockroaches
  A gnoll zombie (Ossuary)
  13 goblins
  11 hobgoblins
  6 jackals (D:4)
  10 kobolds
  5 quokkas
  A ball python (D:1)
  A ball python skeleton (D:4)
  7 bats
  9 frilled lizards
  2 goblin zombies (Ossuary)
  3 hobgoblin zombies (Ossuary)
  3 orc zombies (Ossuary)
  A quokka skeleton (D:7)
  A quokka zombie (D:7)
  8 rats
223 creatures vanquished.

Notes
Turn   | Place    | Note
-------+----------+-------------------------------------------
     0 | D:1      | FishyPogo the Minotaur Gladiator began the quest for the
                  | Orb.
     0 | D:1      | Reached XP level 1. HP: 18/18 MP: 0/0
   192 | D:1      | Reached skill level 1 in Armour
   192 | D:1      | Reached XP level 2. HP: 25/25 MP: 1/1
   482 | D:1      | Reached skill level 3 in Fighting
   809 | D:1      | Reached skill level 1 in Shields
   809 | D:1      | Reached XP level 3. HP: 31/31 MP: 2/2
  1037 | D:2      | Found a bloodstained altar of Trog.
  1413 | D:2      | Reached XP level 4. HP: 38/38 MP: 3/3
  1758 | D:3      | Found a hazy altar of Hepliaklqana.
  2247 | D:3      | Found a white marble altar of Elyvilon.
  2577 | D:4      | Found a staircase to the Ecumenical Temple.
  2585 | Temple   | Entered the Ecumenical Temple
  2593 | Temple   | Became a worshipper of Warmaster Okawaru
  2625 | D:4      | Reached XP level 5. HP: 38/46 MP: 4/4
  2638 | D:4      | Reached skill level 4 in Fighting
  2767 | D:4      | Reached XP level 6. HP: 33/53 MP: 5/5
  2923 | D:4      | Reached * piety under Okawaru
  3315 | D:4      | Found Foex's Armour Emporium.
  3502 | D:5      | Entered Level 5 of the Dungeon
  3600 | D:5      | Reached skill level 5 in Fighting
  3746 | D:5      | Reached XP level 7. HP: 55/61 MP: 6/6
  3772 | D:5      | Reached skill level 5 in Axes
  3956 | D:5      | Found a shattered altar of Ashenzari.
  4013 | D:5      | Reached skill level 1 in Invocations
  4054 | D:5      | Reached skill level 5 in Armour
  4346 | D:5      | Found a runed translucent door.
  4347 | D:5      | Noticed Crazy Yiuf
  4355 | D:5      | Killed Crazy Yiuf
  4497 | D:5      | Found Naarunomm's Gadget Boutique.
  4676 | D:6      | Reached skill level 6 in Fighting
  4817 | D:6      | Noticed Prince Ribbit
  4842 | D:6      | Killed Prince Ribbit
  4842 | D:6      | Reached ** piety under Okawaru
  4842 | D:6      | Reached XP level 8. HP: 50/71 MP: 8/8
  4895 | D:6      | Noticed Edmund
  4907 | D:6      | Killed Edmund
  5016 | D:6      | Reached skill level 7 in Fighting
  5390 | D:6      | Got a bloodstained flail
  5391 | D:6      | Identified the +4 flail of Impatience {antimagic, rN+ Str+4
                  | Stlth-} (You found it on level 6 of the Dungeon)
  5600 | D:7      | Found a transporter.
  5616 | D:7      | Reached skill level 1 in Maces & Flails
  5676 | D:7      | Reached *** piety under Okawaru
  5679 | D:7      | Reached XP level 9. HP: 50/81 MP: 1/10
  5755 | D:7      | Reached skill level 8 in Fighting
  5914 | D:7      | Found a transporter.
  6350 | D:8      | Found a staircase to the Lair.
  6356 | D:8      | Noticed Erica
  6382 | D:8      | Killed Erica
  6382 | D:8      | Reached **** piety under Okawaru
  6382 | D:8      | Reached skill level 9 in Fighting
  6382 | D:8      | Reached skill level 5 in Maces & Flails
  6390 | D:8      | HP: 4/83 [poisoned by Erica (bolt of poison)]
  6393 | D:8      | Noticed a troll
  6415 | D:8      | HP: 4/124 [hippogriff (4)]
  6417 | D:8      | Killed a troll
  6419 | D:8      | Reached XP level 10. HP: 4/91 MP: 3/12
  6421 | D:8      | HP: 3/136 [phantom (2)]
  6425 | D:8      | Received a gift from Okawaru
  6647 | D:8      | Found a sand-covered staircase.
  6651 | Ossuary  | Entered an ossuary
  7086 | D:4      | Bought a +2 ring mail of fire resistance for 231 gold
                  | pieces
  7215 | D:7      | Received a gift from Okawaru
  7215 | D:7      | Reached skill level 10 in Fighting
  7225 | D:7      | Got a heavily runed hat
  7236 | D:7      | Identified the +1 hat of the Invisible Hand {+Blink MR-
                  | rCorr SInv} (You found it on level 7 of the Dungeon)
  7381 | D:8      | Reached skill level 5 in Invocations
  8096 | D:8      | Noticed Gastronok
  8473 | D:8      | Mangled by Gastronok

Skill      XL: |  1  2  3  4  5  6  7  8  9 10 |
---------------+-------------------------------+-----
Armour         | 1 2 3 4 5 7 9 |  9.9
Fighting       | 3 4 5 6 7 9 10 | 10.2
Shields        | 1 2 3 4 |  4.0
Axes           | 4 5 6 |  6.0
Invocations    | 2 3 4 5 |  5.1
Throwing       | 3 |  3.0
Maces & Flails | 3 6 7 |  7.2
Dodging        | |  3.3

Action                   |  1- 3 |  4- 6 |  7- 9 | 10-12 || total
-------------------------+-------+-------+-------+-------++-------
Melee: War axe           |    59 |   122 |    65 |       ||   246
       Headbutt          |     7 |    14 |    39 |    40 ||   100
       Hand axe          |       |       |    58 |    68 ||   126
       Flail             |       |       |    71 |    61 ||   132
Throw: Stone             |    37 |    84 |    73 |    10 ||   204
       Tomahawk          |       |     5 |    29 |    17 ||    51
       Throwing net      |       |       |       |     1 ||     1
Invok: Heroism           |       |       |     3 |       ||     3
  Use: Scroll            |       |       |     5 |     5 ||    10
       Potion            |       |       |     5 |     4 ||     9
  Eat: Chunk             |     2 |     7 |    11 |     2 ||    22
       Ration            |       |       |       |     1 ||     1
Armor: Leather armour    |     7 |    10 |    21 |    10 ||    48
       Ring mail         |       |       |       |    23 ||    23
       Skin              |       |       |       |     3 ||     3
Dodge: Dodged            |    60 |    94 |   135 |    66 ||   355
Block: Buckler           |       |    10 |    37 |    29 ||    76
